 Dungeon Crawl Stone Soup version 0.29.1-15-g9cfb28693d (webtiles) character file.

Game seed: 14227653586093914308

71 sweetbreads the Digger (level 4, 0/24 HPs)
             Began as a Gargoyle Earth Elementalist on Mar 17, 2023.
             Slain by a kobold
             ... wielding a +0 club
              (1 damage)
             ... on level 2 of the Dungeon.
             The game lasted 00:06:01 (1728 turns).

sweetbreads the Digger (GrEE)                       Turns: 1728, Time: 00:06:02

Health: 0/24       AC:  5    Str: 11    XL:     4   Next: 24%
Magic:  1/7        EV: 12    Int: 18    God:
Gold:   42         SH:  0    Dex: 10    Spells: 3/7 levels left

rFire   . . .      SeeInvis .   c - +0 club
rCold   . . .      Faith    .   (no shield)
rNeg    + . .      Spirit   .   a - +0 robe
rPois   ∞          Reflect  .   (no helmet)
rElec   +          Harm     .   (no cloak)
rCorr   .          Rampage  .   (no gloves)
Will    .....                   (no boots)
Stlth   ++........              (no amulet)
HPRegen 0.08/turn               (no ring)
MPRegen 0.10/turn               (no ring)

@: no status effects
A: sickness immunity, AC +3, negative energy resistance 1, electricity
resistance, torment resistance 1, petrification resistance
a: no special abilities


You were on level 2 of the Dungeon.
You visited 1 branch of the dungeon, and saw 2 of its levels.

You collected 42 gold pieces.

Inventory:

Hand Weapons
 c - a +0 club (weapon)
Armour
 a - a +0 robe (worn)
Scrolls
 f - a scroll of fear {unknown}
 g - a scroll of teleportation {unknown}
 h - 2 scrolls of identify {unknown}
Potions
 b - a potion of magic
 d - 2 potions of attraction {unknown}
 e - a potion of ambrosia {unknown}
 i - a potion of curing {unknown}
 j - a potion of heal wounds {unknown}


   Skills:
 * Level 2.4 Dodging
 * Level 2.8 Stealth
 - Level 2.0 Spellcasting
 - Level 1.0 Transmutations
 + Level 4.9 Earth Magic


You had 3 spell levels left.
You knew the following spells:

 Your Spells              Type           Power      Damage    Failure   Level
a - Sandblast             Erth           38%        2d10      2%          1
b - Stone Arrow           Conj/Erth      20%        3d8       21%         3

Your spell library contained the following spells:

 Spells                   Type           Power      Damage    Failure   Level
 Passwall                 Tmut/Erth      10%        N/A       9%          2
 Static Discharge         Conj/Air       1%         3-4/arc   26%         2
 Petrify                  Tmut/Erth      12%        N/A       47%         4
 Lightning Bolt           Conj/Air       0%         1d11      99%         5
 Maxwell's Capacitive Co  Air            0%         ∞         100%        8


Dungeon Overview and Level Annotations

Branches:
Dungeon (2/15)

Altars:

Shops:
D:2 (

Annotations:
D:2 Terence


Innate Abilities, Weirdness & Mutations

You are immune to sickness and miasma.
Your stone body is resilient. (AC +3)
You are immune to poison.
You resist negative energy. (rN+)
You are resistant to electric shocks. (rElec)
You are resistant to unholy torment.
You are immune to petrification.


Message History

Press: ? - help, Shift-Dir - straight line, f/p - Terence
Aim: Terence, wielding a +0 short sword and wearing a +0 chain mail (lightly wounded, 87% to hit)
The blast of sand hits Terence.
Terence is moderately wounded.
The kobold hits you with a +0 club. Terence hits you but does no damage.
The rat bites you but does no damage. Terence shouts, "Now you die!"
Terence misses you. The rat barely misses you. The kobold barely misses you.
Casting: Sandblast (safe; 2% risk of failure)
Confirm with . or Enter, or press ? or * to list all spells.
Aiming: Sandblast (safe; 2% risk of failure)
Press: ? - help, Shift-Dir - straight line, f/p - Terence
Aim: Terence, wielding a +0 short sword and wearing a +0 chain mail (moderately wounded, 87% to hit)
The blast of sand hits Terence.
Terence is moderately wounded.
The kobold hits you with a +0 club. The rat bites you.
Terence completely misses you.
Casting: Sandblast (safe; 2% risk of failure)
Confirm with . or Enter, or press ? or * to list all spells.
Aiming: Sandblast (safe; 2% risk of failure)
Press: ? - help, Shift-Dir - straight line, f/p - Terence
Aim: Terence, wielding a +0 short sword and wearing a +0 chain mail (moderately wounded, 87% to hit)
The blast of sand hits Terence but does no damage.
Terence is moderately wounded.
The kobold hits you with a +0 club. Terence hits you with a +0 short sword.
The rat closely misses you. The rat barely misses you.
The kobold hits you with a +0 club.
* * * LOW HITPOINT WARNING * * *
Terence hits you with a +0 short sword.
* * * LOW HITPOINT WARNING * * *
Unknown command.
Casting: Sandblast (safe; 2% risk of failure)
Confirm with . or Enter, or press ? or * to list all spells.
Aiming: Sandblast (safe; 2% risk of failure)
Press: ? - help, Shift-Dir - straight line, f/p - Terence
Aim: Terence, wielding a +0 short sword and wearing a +0 chain mail (moderately wounded, 87% to hit)
The blast of sand hits Terence.
Terence is heavily wounded.
The kobold hits you with a +0 club.
You die...

.#.####.......# ....#
###...### .#..# #...#
....# #...# # .##.##
#...# .# .)...#
#...####### #..[
###..####.........#.....
........................
#†..............@r..#
#.#............)@K###
.....####...#####.#
#.#### #.... .# #.#
#...# .# #.# #...# ..
#.## #.. ## ...# #.##


You could see Terence, a kobold and a rat.

Vanquished Creatures
  A gnoll (D:1)
  An adder (D:2)
  2 dart slugs
  7 endoplasms
  A giant cockroach (D:2)
  6 goblins
  6 hobgoblins
  A quokka (D:1)
  3 ball pythons (D:1)
  5 bats
  5 frilled lizards
  4 kobolds
  4 rats
46 creatures vanquished.

Notes
Turn   | Place    | Note
-------+----------+-------------------------------------------
     0 | D:1      | sweetbreads the Gargoyle Earth Elementalist began the quest
                  | for the Orb.
     0 | D:1      | Reached XP level 1. HP: 10/10 MP: 3/3
   215 | D:1      | Found a faded altar of an unknown god.
   218 | D:1      | Reached XP level 2. HP: 15/15 MP: 1/5
   407 | D:1      | Reached skill level 4 in Earth Magic
   415 | D:1      | Reached skill level 1 in Transmutations
   487 | D:1      | Reached XP level 3. HP: 7/19 MP: 0/6
  1529 | D:2      | Reached XP level 4. HP: 24/24 MP: 3/7
  1542 | D:1      | Learned a level 3 spell: Stone Arrow
  1658 | D:2      | Found Irieph's Antique Weapon Shop.
  1721 | D:2      | Noticed Terence
  1727 | D:2      | HP: 1/24 [Terence/+0 short sword (3)]
  1728 | D:2      | Slain by a kobold

Illustrated notes

Levels and vault maps discovered:
D:1:      lemuel_arrival_tunnels, layout_loops_ring,
          dreamdust_ecumenical_altar_angels_and_demons, serial_bayou_crossing
D:2:      layout_loops_cross, serial_shops, nicolae_diamond_shop,
          grunt_ministairs_12, uniq_natasha, uniq_terence

Skill      XL: |  1  2 |
---------------+-------+-----
Dodging        | 2 |  2.4
Earth Magic    | 4 |  4.9
Transmutations | 1 |  1.0
Stealth        | |  2.8
Spellcasting   | |  2.0

Action                   |  1- 3 |  4- 6 || total
-------------------------+-------+-------++-------
Melee: Club              |    15 |       ||    15
 Cast: Sandblast         |    49 |    15 ||    64
Armor: Robe              |     7 |     2 ||     9
Dodge: Dodged            |    25 |    10 ||    35
